 Dungeon Crawl Stone Soup version 0.31.0-12-g77e489cdc1 (webtiles) character file.

Game seed: 1678369984920699198

1110 PaiMei the Purveyor of Pain (level 8, -7/52 HPs)
             Began as a Demonspawn Necromancer on Feb 26, 2024.
             Was an Initiate of Kikubaaqudgha.
             Mangled by an orc warrior
             ... wielding a +2 vampiric glaive
              (15 damage)
             ... on level 6 of the Dungeon.
             The game lasted 00:09:03 (6877 turns).

PaiMei the Purveyor of Pain (DsNe)                  Turns: 6877, Time: 00:09:03

Health: -7/52      AC:  4    Str: 10    XL:     8   Next: 11%
Magic:  0/15       EV: 13    Int: 17    God:    Kikubaaqudgha [......]
Gold:   364        SH:  4    Dex: 13    Spells: 12/16 levels left

rFire   . . .        B - +1 dagger (speed)
rCold   . . .        (no shield)
rNeg    . . .        a - +0 robe
rPois   .            x - +0 helmet
rElec   .            (no cloak)
rCorr   .            (no gloves)
SInv    .            i - +0 pair of boots
Will    .....        f - amulet of regeneration
Stlth   +++          (no ring)
HPRegen 1.08/turn    (no ring)
MPRegen 0.28/turn

%: guardian spirit
@: no status effects
A: magic shield, magic regeneration, condensation shield, weakness stinger 1
a: Renounce Religion


You were on level 6 of the Dungeon.
You worshipped Kikubaaqudgha.
Kikubaaqudgha was noncommittal.
You visited 2 branches of the dungeon, and saw 7 of its levels.
You also visited: Sewer.

You collected 364 gold pieces.

Inventory:

Hand Weapons
 v - a +0 dagger of venom
 y - a +1 spear of flaming
 B - a +1 dagger of speed (weapon)
Missiles
 m - 7 poisoned darts (quivered)
 C - 4 curare-tipped darts
Armour
 a - a +0 robe (worn)
 i - a +0 pair of boots (worn)
 q - a +0 kite shield
 x - a +0 helmet (worn)
Jewellery
 f - an amulet of regeneration (around neck)
 h - an amulet of magic regeneration
Scrolls
 c - 3 scrolls of fear {unknown}
 e - 3 scrolls of vulnerability {unknown}
 k - 3 scrolls of fog {unknown}
 l - 6 scrolls of identify {unknown}
 n - 2 scrolls of teleportation {unknown}
 r - a scroll of noise {unknown}
 w - a scroll of blinking
 z - a scroll of torment {unknown}
 A - a scroll of amnesia {unknown}
Potions
 b - 2 potions of magic
 d - a potion of degeneration {unknown}
 g - a potion of ambrosia {unknown}
 j - a potion of experience {unknown}
 o - a potion of haste {unknown}
 p - a potion of mutation {unknown}
 s - a potion of enlightenment {unknown}
 t - 3 potions of curing {unknown}
 u - 3 potions of attraction {unknown}


   Skills:
 + Level 4.5 Dodging
 + Level 5.0 Stealth
 + Level 4.7 Spellcasting
 + Level 6.9 Necromancy


You had 12 spell levels left.
You knew the following spells:

 Your Spells              Type           Power      Damage    Failure   Level
a - Necrotise             Necr           100%       1d9       1%          1
b - Vampiric Draining     Necr           27%        2d7       2%          3

Your spell library contained the following spells:

 Spells                   Type           Power      Damage    Failure   Level
 Kiss of Death            Conj/Necr      60%        2d10      3%          1
 Animate Dead             Necr           27%        N/A       9%          4
 Dispel Undead            Necr           27%        3d13      9%          4
 Curse of Agony           Necr           27%        N/A       24%         5
 Confusing Touch          Hex            3%         N/A       41%         3


Dungeon Overview and Level Annotations

Branches:
Dungeon (6/15)             Temple (1/1) D:5           Sewer (visited)

Altars:
Ashenzari
Cheibriados
Dithmenos
Fedhas
Hepliaklqana
Kikubaaqudgha
Makhleb
Nemelex Xobeh
Okawaru
Ru
Uskayaw
Wu Jian
Xom

Annotations:
D:1 2 runed translucent doors


Innate Abilities, Weirdness & Mutations

When hurt, damage is shared between your health and your magic reserves.
You regenerate magic rapidly.
A meltable shield of frost defends you. (SH +4)
You have a small tail.


Message History

The orc warrior hits you with a +2 vampiric glaive!
Your orc skeleton barely misses the orc warrior.
Casting: Vampiric Draining (dangerous; 2% risk of failure)
Confirm with . or Enter, or press ? or * to list all spells.
You don't have enough magic to cast this spell.
You hit the orc warrior but do no damage.
The orc warrior is moderately wounded.
Casting: Vampiric Draining (dangerous; 2% risk of failure)
Confirm with . or Enter, or press ? or * to list all spells.
You don't have enough magic to cast this spell.
Casting: Vampiric Draining (dangerous; 2% risk of failure)
Confirm with . or Enter, or press ? or * to list all spells.
You don't have enough magic to cast this spell.
You hit the orc warrior.
The orc warrior is moderately wounded.
The orc warrior hits you with a +2 vampiric glaive!
The orc warrior draws strength from your wounds!
Your orc skeleton hits the orc warrior but does no damage.
Casting: Vampiric Draining (dangerous; 2% risk of failure)
Confirm with . or Enter, or press ? or * to list all spells.
You don't have enough magic to cast this spell.
You hit the orc warrior.
The orc warrior is lightly wounded.
The orc warrior hits you with a +2 vampiric glaive!
* * * LOW HITPOINT WARNING * * *
The orc warrior draws strength from your wounds!
Casting: Vampiric Draining (dangerous; 2% risk of failure)
Confirm with . or Enter, or press ? or * to list all spells.
You don't have enough magic to cast this spell.
You closely miss the orc warrior.
Your orc skeleton barely misses the orc warrior.
Casting: Vampiric Draining (dangerous; 2% risk of failure)
Confirm with . or Enter, or press ? or * to list all spells.
Aiming: Necrotise (safe; 1% risk of failure)
Press: ? - help, Shift-Dir - straight line, f/p - orc warrior
Aim: an orc warrior, wielding a +2 vampiric glaive and wearing a +0 plate armour (ally target, chance to affect: 83%)
The orc warrior writhes in agony.
The orc warrior hits you with a +2 vampiric glaive!
You die...
Kikubaaqudgha rasps: "You have failed me!
Welcome... death!"

###### #....# .....#
## #....# #. #....#
.. ##########oZ..# .#
#.........@...#
.######.########....#
....[...# ######
.######## .# <# ...>#
....# ....#


You could see an orc warrior (ally target) and a friendly orc skeleton.

Vanquished Creatures
  A sky beast (D:4)
  A black bear (D:5)
  2 bullfrogs (Sewer)
  A scorpion (D:5)
  A bombardier beetle (D:5)
  2 orc priests (D:5)
  4 hounds
  4 orc wizards
  An iguana (D:5)
  Robin (D:4)
  11 adders
  A white imp (D:5)
  5 dart slugs (Sewer)
  20 orcs
  17 ball pythons
  11 endoplasms
  15 giant cockroaches
  16 goblins
  8 hobgoblins
  11 jackals
  10 kobolds
  6 quokkas
  4 bats
  14 frilled lizards
  4 rats
171 creatures vanquished.

Vanquished Creatures (collateral kills)
  A bullfrog (D:4)
  An adder (D:4)
  2 dart slugs
  An orc (D:5)
  An endoplasm (Sewer)
  2 giant cockroaches
  2 goblins
  A hobgoblin (D:3)
  A ball python (Sewer)
  A bat (D:1)
  A frilled lizard (Sewer)
  2 rats
16 creatures vanquished.

Grand Total: 187 creatures vanquished

Notes
Turn   | Place    | Note
-------+----------+-------------------------------------------
     0 | D:1      | PaiMei the Demonspawn Necromancer began the quest for the
                  | Orb.
     0 | D:1      | Reached XP level 1. HP: 13/13 MP: 3/3
   267 | D:1      | Gained mutation: A meltable shield of frost defends you.
                  | (SH +4) [demonic ancestry]
   267 | D:1      | Reached XP level 2. HP: 18/19 MP: 0/5
   551 | D:1      | Found a large runed translucent door.
   551 | D:1      | Found a large runed translucent door.
  1013 | D:1      | Reached XP level 3. HP: 24/24 MP: 3/6
  1120 | D:1      | Learned a level 3 spell: Vampiric Draining
  1903 | D:2      | Gained mutation: You have a small tail. [demonic ancestry]
  1903 | D:2      | Reached XP level 4. HP: 8/30 MP: 0/7
  2370 | D:3      | Reached skill level 5 in Necromancy
  2720 | D:3      | Found a faded altar of an unknown god.
  3405 | D:4      | Reached XP level 5. HP: 35/35 MP: 4/9
  3440 | D:4      | Found a glowing drain.
  3445 | Sewer    | Entered a sewer
  4242 | Sewer    | Gained mutation: You regenerate magic rapidly. [demonic
                  | ancestry]
  4242 | Sewer    | Reached XP level 6. HP: 36/41 MP: 5/11
  4478 | D:4      | Reached skill level 6 in Necromancy
  4527 | D:4      | Noticed Robin
  4532 | D:4      | Killed Robin
  4619 | D:4      | Gained mutation: When hurt, damage is shared between your
                  | health and your magic reserves. [demonic ancestry]
  4619 | D:4      | Reached XP level 7. HP: 46/46 MP: 10/12
  4942 | D:4      | Found a burning altar of Makhleb.
  5156 | D:5      | Entered Level 5 of the Dungeon
  6252 | D:5      | Found a staircase to the Ecumenical Temple.
  6261 | Temple   | Entered the Ecumenical Temple
  6282 | Temple   | Became a worshipper of Kikubaaqudgha
  6440 | D:5      | Reached XP level 8. HP: 49/52 MP: 9/14
  6454 | D:5      | Reached skill level 5 in Stealth
  6829 | D:6      | Identified the +5 ring mail of a ziggurat {Int-3 Dex+5}
  6877 | D:6      | Mangled by an orc warrior

Illustrated notes

Levels and vault maps discovered:
D:1:      erik_arrival_cave_to_civilisation [erik_arrival_cave_to_temple],
          layout_basic
D:2:      layout_basic
D:3:      minmay_diamond_boxcup, layout_basic,
          hellmonk_ecumenical_altar_arch_garden
D:4:      layout_basic, lemuel_tele_altar,
          mainiacjoe_sewer_entry_somewhere_in_here_2, uniq_robin
D:5:      layout_basic, minmay_temple_entry_poolview, grunt_ministairs_14,
          nicolae_hexahallways
D:6:      layout_rooms, nicolae_qazlal_eye_of_the_storm
Temple:   hellmonk_temple_of_storms

Skill      XL: |  1  2  3  4  5  6  7  8 |
---------------+-------------------------+-----
Stealth        | 2 3 4 5 |  5.0
Dodging        | 2 3 4 |  4.5
Necromancy     | 5 6 |  6.9
Spellcasting   | 3 4 |  4.7

Action                     |  1- 3 |  4- 6 |  7- 9 || total
---------------------------+-------+-------+-------++-------
  Melee: Unarmed           |    14 |       |       ||    14
         Club              |    11 |    17 |       ||    28
         Tailslap          |       |     2 |     4 ||     6
         Dagger            |       |     7 |    52 ||    59
   Cast: Necrotise         |    74 |   195 |    87 ||   356
         Vampiric Draining |       |       |     7 ||     7
 Armour: Robe              |    29 |    57 |    55 ||   141
  Dodge: Dodged            |    42 |    65 |    38 ||   145
  Block: Other             |    12 |    12 |     9 ||    33
